 Dungeon Crawl Stone Soup version 0.23.2-1-ga50397a6bc (webtiles) character file.

Game seed: 12111135387481455486

879 Kobolds4U the Slasher (level 7, -9/84 HPs)
             Began as a Demonspawn Berserker on Apr 26, 2019.
             Was a Believer of Trog.
             Mangled by an orc warrior
             ... wielding a +0 flail
              (17 damage)
             ... on level 6 of the Dungeon.
             The game lasted 00:12:33 (6753 turns).

Kobolds4U the Slasher (Demonspawn Berserker)        Turns: 6753, Time: 00:12:33

Health: -9/84      AC:  9    Str: 23    XL:     7   Next: 75%
Magic:  7/7        EV: 12    Int:  8    God:    Trog [**....]
Gold:   252        SH:  0    Dex: 17    Spells: 6/6 levels left

rFire    . . .     SeeInvis .   a - +0 falchion
rCold    . . .     Gourm    .   (no shield)
rNeg     . . .     Faith    .   s - +0 ring mail
rPois    .         Spirit   .   (no helmet)
rElec    .         Reflect  .   D - +0 cloak
rCorr    .         Harm     .   (no gloves)
MR       +++..                  (no boots)
Stlth    ..........             (no amulet)
HPRegen  1.24/turn              e - +3 ring of dexterity
MPRegen  0.10/turn              v - ring of protection from magic

@: berserking, regenerating, very quick
A: claws 2, slimy green scales 2, rot immunity
a: Berserk, Trog's Hand, Renounce Religion


You were on level 6 of the Dungeon.
You worshipped Trog.
Trog was pleased with you.
You were very hungry.

You visited 2 branches of the dungeon, and saw 7 of its levels.

You collected 252 gold pieces.

Inventory:

Hand Weapons
 a - a +0 falchion (weapon)
Missiles
 j - 11 tomahawks (quivered)
Armour
 b - a +0 animal skin
 f - a +0 leather armour
 r - a +0 plate armour
 s - a +0 ring mail (worn)
 t - a +0 chain mail
 w - a +2 robe of cold resistance
 D - a +0 cloak (worn)
Jewellery
 e - a +3 ring of dexterity (left claw)
 v - a ring of protection from magic (right claw)
 B - a +2 ring of evasion
Wands
 u - a wand of random effects (18)
 E - a wand of iceblast (7)
Scrolls
 g - 2 scrolls of enchant weapon
 i - a scroll of enchant armour
 k - 5 scrolls of remove curse
 l - 2 scrolls of magic mapping {unknown}
 n - 2 scrolls of blinking {unknown}
 p - a scroll of fog
 q - a scroll of immolation
 y - 8 scrolls of identify
 A - a scroll of teleportation {unknown}
 C - a scroll of fear {unknown}
Potions
 d - a potion of might {unknown}
 h - 4 potions of curing
 m - 2 potions of ambrosia
 o - a potion of degeneration {unknown}
 x - a potion of haste {unknown}
 z - a potion of brilliance {unknown}
Comestibles
 c - 5 rations
 F - 2 chunks of flesh


   Skills:
 - Level 5.0 Fighting
 + Level 7.5 Long Blades
 - Level 2.0 Armour
 - Level 2.1 Dodging


You had 6 spell levels left.
You didn't know any spells.
Your spell library was empty.

Dungeon Overview and Level Annotations

Branches:
Dungeon (6/15)             Temple (1/1) D:4

Altars:
Ashenzari
Cheibriados
Fedhas
Gozag
Hepliaklqana
Kikubaaqudgha
Makhleb
Nemelex Xobeh
Okawaru
Qazlal
Ru
Sif Muna
Uskayaw
Vehumet
Xom
Zin

Shops:
D:5 [=


Innate Abilities, Weirdness & Mutations

You have very sharp fingernails.
You are mostly covered in slimy green scales. (AC +3)
You are immune to rotting.


Message History

You closely miss the orc warrior.
The orc warrior is lightly wounded.
The orc warrior hits you with a +0 flail!
* * * LOW HITPOINT WARNING * * *
The orc hits you.
* * * LOW HITPOINT WARNING * * *
A red film seems to cover your vision as you go berserk!
You feel yourself moving faster!
You feel mighty!
You are feeling very hungry.
The orc hits you but does no damage.
The orc warrior hits you with a +0 flail!
* * * LOW HITPOINT WARNING * * *
You barely miss the orc warrior.
The orc warrior is lightly wounded.
The orc hits you.
* * * LOW HITPOINT WARNING * * *
You hit the orc warrior.
The orc warrior is moderately wounded.
The orc warrior hits you with a +0 flail!
You die...

#..##.....#
#..#..#####
#.##..<.###
..##......#
#..##......#
#.. #......#
.. #......# #
#......# #
#@)...##
......oo)..##
..........##
.......####
.......
.......
.......
..#....


You could see an orc warrior and an orc.

Vanquished Creatures
  Sigmund (D:2)
  An ogre (D:4)
  A bullfrog (D:6)
  A scorpion (D:5)
  A crimson imp (D:5)
  A centaur zombie (D:5)
  A hound (D:4)
  3 orc priests
  An iguana (D:6)
  4 orc wizards
  A hound zombie (D:5)
  12 adders
  An adder skeleton (D:2)
  A worm (D:4)
  A dart slug (D:2)
  2 leopard geckos (D:1)
  11 orcs
  4 giant cockroaches
  5 goblins
  5 hobgoblins
  7 jackals
  3 quokkas
  2 bats (D:1)
  6 frilled lizards
  14 kobolds
  A leopard gecko zombie (D:3)
  6 rats
97 creatures vanquished.

Notes
Turn   | Place    | Note
-------+----------+-------------------------------------------
     0 | D:1      | Kobolds4U the Demonspawn Berserker began the quest for the
                  | Orb.
     0 | D:1      | Reached XP level 1. HP: 18/18 MP: 1/1
   580 | D:1      | Gained mutation: You are immune to rotting. [demonic
                  | ancestry]
   580 | D:1      | Reached XP level 2. HP: 22/24 MP: 2/2
   676 | D:1      | Reached skill level 3 in Long Blades
  1508 | D:2      | Gained mutation: You have sharp fingernails. [demonic
                  | ancestry]
  1508 | D:2      | Reached XP level 3. HP: 20/30 MP: 3/3
  1629 | D:2      | Reached ** piety under Trog
  1689 | D:2      | Noticed Sigmund
  2254 | D:3      | Reached XP level 4. HP: 31/38 MP: 4/4
  2491 | D:3      | Reached skill level 5 in Fighting
  2740 | D:3      | Gained mutation: You have very sharp fingernails. [demonic
                  | ancestry]
  2740 | D:3      | Reached XP level 5. HP: 38/44 MP: 5/5
  3065 | D:3      | Reached skill level 4 in Long Blades
  3560 | D:2      | Killed Sigmund
  3560 | D:2      | Reached skill level 5 in Long Blades
  3560 | D:2      | Gained mutation: You are partially covered in slimy green
                  | scales. (AC +2) [demonic ancestry]
  3560 | D:2      | Reached XP level 6. HP: 51/51 MP: 6/6
  4987 | D:4      | Reached skill level 6 in Long Blades
  4987 | D:4      | Gained mutation: You are mostly covered in slimy green
                  | scales. (AC +3) [demonic ancestry]
  4987 | D:4      | Reached XP level 7. HP: 18/56 MP: 7/7
  5301 | D:4      | Found a staircase to the Ecumenical Temple.
  5307 | Temple   | Entered the Ecumenical Temple
  5714 | D:5      | Entered Level 5 of the Dungeon
  6129 | D:5      | Found Jacuazew's Antique Armour Emporium.
  6205 | D:5      | Found Kubemiz's Jewellery Emporium.
  6360 | D:5      | Reached skill level 7 in Long Blades
  6729 | D:6      | Reached *** piety under Trog
  6753 | D:6      | Mangled by an orc warrior

Skill      XL: |  1  2  3  4  5  6  7 |
---------------+----------------------+-----
Long Blades    | 3 5 6 7 |  7.5
Fighting       | 4 5 |  5.0
Dodging        | 2 |  2.1
Armour         | 2 |  2.0

Action                   |  1- 3 |  4- 6 |  7- 9 || total
-------------------------+-------+-------+-------++-------
Melee: Falchion          |   113 |   160 |   131 ||   404
Invok: Berserk           |     1 |     3 |     1 ||     5
       Trog's Hand       |     1 |     3 |     1 ||     5
  Use: Scroll            |       |     2 |     6 ||     8
 Stab: Sleeping          |     1 |       |       ||     1
  Eat: Chunk             |     6 |     7 |     4 ||    17
       Ration            |       |     1 |     1 ||     2
Armor: Leather armour    |    30 |     6 |       ||    36
       Animal skin       |     1 |       |       ||     1
       Ring mail         |       |    27 |    36 ||    63
Dodge: Dodged            |    94 |   113 |    78 ||   285
       Rpst.: Falchion   |    28 |    32 |    24 ||    84
